 Dungeon Crawl Stone Soup version 0.30.1-9-gdf580d7c3d (webtiles) character file.

Game seed: 13479622371065104000

111 monsoonserge the Trooper (level 4, -1/36 HPs)
             Began as a Hill Orc Fighter on Oct 2, 2023.
             Slain by an orc wizard
             ... wielding a +0 dagger
              (3 damage)
             ... on level 3 of the Dungeon.
             The game lasted 00:03:37 (1140 turns).

monsoonserge the Trooper (Hill Orc Fighter)         Turns: 1140, Time: 00:03:38

Health: -1/36      AC:  7    Str: 20    XL:     4   Next: 92%
Magic:  4/4        EV:  9    Int:  8    God:
Gold:   70         SH:  4    Dex: 10    Spells: 3/3 levels left

rFire   . . .        a - +0 war axe
rCold   . . .        c - +0 buckler
rNeg    . . .        b - +0 scale mail
rPois   .            (no helmet)
rElec   .            (no cloak)
rCorr   .            (no gloves)
SInv    .            (no boots)
Will    .....        (no amulet) Stlth
                     (no ring)
HPRegen 0.26/turn    (no ring)
MPRegen 0.09/turn

%: no passive effects
@: no status effects
A: fangs 1, frail 1
a: no special abilities


You were on level 3 of the Dungeon.
You visited 1 branch of the dungeon, and saw 3 of its levels.

You collected 154 gold pieces.
You spent 84 gold pieces at shops.

Inventory:

Hand Weapons
 a - a +0 war axe (weapon)
Armour
 b - a +0 scale mail (worn)
 c - a +0 buckler (worn)
Scrolls
 e - 3 scrolls of torment {unknown}
 g - a scroll of enchant weapon {unknown}
 h - a scroll of immolation {unknown}
 i - 5 scrolls of teleportation
 k - 2 scrolls of identify {unknown}
 l - 2 scrolls of vulnerability {unknown}
 n - a scroll of fog {unknown}
Potions
 d - a potion of might
 f - a potion of haste


   Skills:
 + Level 4.4 Fighting
 + Level 4.2 Axes
 + Level 3.7 Armour
 + Level 0.7 Dodging
 + Level 0.1 Stealth
 + Level 4.1 Shields


You had 3 spell levels left.
You didn't know any spells.
Your spell library was empty.

Dungeon Overview and Level Annotations

Branches:
Dungeon (3/15)

Altars:

Shops:
D:1 ::??

Annotations:
D:2 Sigmund


Innate Abilities, Weirdness & Mutations

You have very sharp teeth.
You are frail. (-10% HP)


Message History

You see here a rat corpse.
You barely miss the orc priest. The orc priest closely misses you.
The orc priest hits you but does no damage.
You hit the orc priest but do no damage.
The orc priest hits you with a +0 hand axe.
You slash the orc priest!
The orc priest is heavily wounded.
The orc priest hits you but does no damage.
You barely miss the orc priest.
The orc priest is heavily wounded.
The orc priest miscasts a cantrip.
The orc priest hits you but does no damage.
You barely miss the orc priest.
The orc priest is heavily wounded.
The orc priest hits you with a +0 hand axe.
You closely miss the orc priest.
The orc priest is heavily wounded.
The orc priest shouts, "Surrender to Beogh and we'll let you live!"
The orc priest hits you with a +0 hand axe.
You hit the orc priest.
The orc priest is almost dead.
The orc priest mumbles some strange prayers to Beogh against you.
Beogh smites you!
* * * LOW HITPOINT WARNING * * *
The orc priest mumbles some strange prayers to Beogh against you.
Beogh smites you!
* * * LOW HITPOINT WARNING * * *
You slash the orc priest!
You kill the orc priest!
Your Axes skill increases to level 4!
Okay, then.
It was a potion of mutation.
You feel extremely strange.
You feel frail.
Your teeth lengthen and sharpen.
Something hits you.
* * * LOW HITPOINT WARNING * * *
It was a potion of cancellation.
You feel magically purged. Something hits you but does no damage.
You closely miss something. Something hits you but does no damage.
You closely miss something. Something hits you.
You die... ##.....#. #....... ....... ..... ....
So#

#{# #@#
######)####
#.........#
#.........#
#.......)<#
#.........#
#.........#
#.........#
#..........


You could see an adder and an orc.

Vanquished Creatures
  An orc priest (D:3)
  Terence (D:2)
  2 adders (D:2)
  2 dart slugs
  An orc (D:3)
  4 ball pythons (D:1)
  An endoplasm (D:2)
  3 goblins
  5 hobgoblins
  A quokka (D:1)
  3 bats
  A frilled lizard (D:1)
  6 kobolds
  5 rats
36 creatures vanquished.

Notes
Turn   | Place    | Note
-------+----------+-------------------------------------------
     0 | D:1      | monsoonserge the Hill Orc Fighter began the quest for the
                  | Orb.
     0 | D:1      | Reached XP level 1. HP: 19/19 MP: 1/1
     6 | D:1      | Noticed an anaconda
     6 | D:1      | Noticed an eight-headed hydra
     6 | D:1      | Noticed a swamp worm
     6 | D:1      | Noticed a black bear
    67 | D:1      | Reached XP level 2. HP: 20/27 MP: 2/2
   133 | D:1      | Found Desiziona's Magic Scroll Emporium.
   182 | D:1      | Found Bievoc's Book Shop.
   370 | D:1      | Found Yqayblob's Book Shoppe.
   415 | D:1      | Found Zauxean's Magic Scroll Shoppe.
   430 | D:1      | Found Uven's Book Emporium.
   579 | D:2      | Reached XP level 3. HP: 33/33 MP: 3/3
   659 | D:1      | Bought 2 scrolls of teleportation for 84 gold pieces
   927 | D:2      | Found a faded altar of an unknown god.
   950 | D:2      | Noticed Terence
   965 | D:2      | Killed Terence
   966 | D:2      | Reached XP level 4. HP: 26/40 MP: 4/4
  1062 | D:2      | Noticed Sigmund
  1135 | D:3      | HP: 2/40 [orc priest/divine providence (8)]
  1137 | D:3      | Gained mutation: You are frail. (-10% HP) [potion of
                  | mutation]
  1137 | D:3      | Gained mutation: You have very sharp teeth. [potion of
                  | mutation]
  1140 | D:3      | Slain by an orc wizard

Illustrated notes

Levels and vault maps discovered:
D:1:      onia_arrival_zoo_common, layout_rooms, serial_shops, shop, shop,
          nicolae_shop_waterfront, nicolae_shop_tiny_waterfront, shop,
          st_stairs_7, grunt_decor_clamped
D:2:      layout_basic, hellmonk_ecumenical_altar_inner_sanctum,
          kennysheep_generic_room_12, uniq_sigmund, uniq_terence
D:3:      kennysheep_goblin_castle, layout_rooms,
          nicolae_wu_jian_immortal_techniques, kennysheep_generic_room_8

Skill      XL: |  1  2  3  4 |
---------------+-------------+-----
Axes           | 3 4 |  4.2
Fighting       | 4 |  4.4
Shields        | 4 |  4.1
Armour         | |  3.7
Dodging        | |  0.7
Stealth        | |  0.1

Action                     |  1- 3 |  4- 6 || total
---------------------------+-------+-------++-------
  Melee: War axe           |    85 |    28 ||   113
    Use: Potion            |       |     2 ||     2
 Armour: Scale mail        |    46 |    11 ||    57
  Dodge: Dodged            |    44 |    12 ||    56
  Block: Buckler           |    16 |     2 ||    18
